 Dungeon Crawl Stone Soup version 0.30-a0-737-gf23d94013f (webtiles) character file.

Game seed: 11272398986676869617

68346 Newt the Deadly Accurate (level 14, -7/108 HPs)
             Began as a Demonspawn Gladiator on Feb 1, 2023.
             Was the Champion of Okawaru.
             Mangled by a salamander
             ... wielding a +4 trident
              (8 damage)
             ... on level 1 of the Snake Pit.
             The game lasted 00:34:41 (19695 turns).

Newt the Deadly Accurate (Demonspawn Gladiator)    Turns: 19695, Time: 00:34:42

Health: -7/108     AC: 18    Str: 24    XL:     14   Next: 86%
Magic:  0/21       EV: 12    Int: 10    God:    Okawaru [******]
Gold:   445        SH:  6    Dex: 19    Spells: 18/19 levels left

rFire   + . .      SeeInvis +    t - +16 obsidian axe {drain, demonic, Mesm Drain Fly SInv}
rCold   + + +      Faith    .    F - +0 buckler
rNeg    . . .      Spirit   +    b - +4 skin of Zhor {*Englaciate rC+++ SInv}
rPois   .          Reflect  .    c - +0 helmet
rElec   .          Harm     +    e - scarf {harm}
rCorr   .          Rampage  .    T - +0 pair of gloves {Stlth+}
Will    ++...                    (no boots)
Stlth   +++                      V - amulet "Ameigorph" {Spirit Fragile Will+ Dex+3 Slay+2}
HPRegen 0.38/turn                U - ring "Xyomugoh" {rF+ Str+6 Slay+2}
MPRegen 0.17/turn                S - +4 ring of slaying

@: sanguine armoured, flying, mesmerised, slowed, very slow
A: hooves 2, spiny 1, sanguine armour 2, condensation shield
a: Renounce Religion, Heroism, Finesse, Duel


You were on level 1 of the Snake Pit.
You worshipped Okawaru.
Okawaru was exalted by your worship.
You visited 5 branches of the dungeon, and saw 21 of its levels.
You visited 1 bazaar.

You collected 2492 gold pieces.
You spent 2047 gold pieces at shops.

Inventory:

Hand Weapons
 t - the +16 obsidian axe (weapon) {drain, demonic, Mesm Drain Fly SInv}
   (You acquired it on level 1 of the Orcish Mines)

   Mesm:      Its wielder is mesmerised by any visible foes, and it cannot be
   unequipped while any foes are visible.
   SInv:      It lets you see invisible.
   Fly:       It grants you flight.
   Drain:     It drains your maximum health when unequipped.
 E - a +4 vampiric war axe
Missiles
 d - 11 throwing nets
 f - 138 stones
 h - 13 poisoned darts
 i - 6 silver javelins
 u - 10 boomerangs (quivered)
 I - 5 silver boomerangs
 N - 13 javelins
 X - 2 curare-tipped darts
 Z - 3 atropa-tipped darts
Armour
 b - the +4 skin of Zhor (worn) {*Englaciate rC+++ SInv}
   (You found it on level 1 of the Lair of Beasts)

   *Englaciate: It radiates cold, occasionally slowing all nearby creatures who
   are not resistant to cold.
   rC:        It renders you almost immune to cold.
   SInv:      It lets you see invisible.
 c - a +0 helmet (worn)
 e - a scarf of harm (worn)
 q - a +4 plate armour of cold resistance
 B - a +2 robe of the Archmagi
 C - the +4 robe of Folly {Brill Will-∞ Int+8}
   (Okawaru gifted it to you on level 2 of the Orcish Mines)

   Brill:     It increases the power of your magical spells and halves their MP
   cost (rounding up).
   Will-∞: It reduces your willpower to zero.
   Int:       It affects your intelligence (+8).
 D - a +2 leather armour of poison resistance
 F - a +0 buckler (worn)
 G - a +1 pair of gloves
 K - a +2 troll leather armour
 T - a +0 pair of gloves of stealth (worn)
 W - a +2 scale mail of fire resistance
Jewellery
 y - a ring of willpower
 Q - a ring of resist corrosion
 S - a +4 ring of slaying (right hand)
 U - the ring "Xyomugoh" (left hand) {rF+ Str+6 Slay+2}
   (You bought it in a shop in a bazaar)

   [ring of strength]

   Str:       It affects your strength (+6).
   Slay:      It affects your accuracy & damage with ranged weapons and melee
   (+2).
   rF:        It protects you from fire.
 V - the amulet "Ameigorph" (around neck) {Spirit Fragile Will+ Dex+3 Slay+2}
   (You bought it in a shop in a bazaar)

   [amulet of guardian spirit]

   It causes incoming damage to be divided between your reserves of health and
   magic.
   Dex:       It affects your dexterity (+3).
   Slay:      It affects your accuracy & damage with ranged weapons and melee
   (+2).
   Fragile:   It will be destroyed if unequipped.
   Will:      It increases your willpower.
Wands
 H - a wand of polymorph (9)
 R - a wand of mindburst (6)
Scrolls
 j - 18 scrolls of teleportation
 k - a scroll of brand weapon
 n - a scroll of fog
 p - 4 scrolls of fear
 x - 4 scrolls of magic mapping
 A - 5 scrolls of amnesia
 M - 6 scrolls of identify
 P - a scroll of blinking
Potions
 g - 7 potions of curing
 l - 4 potions of haste
 m - 4 potions of lignification
 o - 5 potions of flight
 s - 3 potions of resistance
 v - 3 potions of brilliance
 w - 6 potions of might
 z - 2 potions of cancellation
 J - a potion of berserk rage
 L - a potion of ambrosia
 O - 3 potions of mutation
Miscellaneous
 a - a box of beasts
 r - a lightning rod (4/4)


   Skills:
 - Level 9.0 Fighting
 - Level 4.4 Short Blades
 - Level 14.0 Axes
 - Level 15.0 Throwing
 - Level 10.0 Armour
 - Level 2.6 Dodging
 - Level 2.0 Stealth
 - Level 6.0 Shields
 + Level 3.1 Spellcasting
 - Level 10.0 Invocations
 - Level 10.0 Evocations


You had 18 spell levels left.
You knew the following spells:

 Your Spells              Type           Power      Damage    Failure   Level
a - Summon Small Mammal   Summ           4%         N/A       34%         1

Your spell library contained the following spells:

 Spells                   Type           Power      Damage    Failure   Level
 Freeze                   Ice            4%         1d3       34%         1
 Blink                    Tloc           2%         N/A       47%         2
 Lesser Beckoning         Tloc           2%         N/A       47%         2
 Momentum Strike          Conj/Tloc      2%         3d8       47%         2
 Scorch                   Fire           2%         2d5       47%         2
 Static Discharge         Conj/Air       2%         2-3/arc   47%         2
 Frozen Ramparts          Ice            2%         1d1       71%         3
 Hailstorm                Conj/Ice       1%         3d3       71%         3
 Ignite Poison            Fire/Tmut/Pois 1%         N/A       71%         3
 Kindle Blastsparks       Fire/Tloc/Air  2%         2d10      71%         3
 Vhi's Electric Charge    Tloc/Air       2%         N/A       71%         3
 Flame Wave               Conj/Fire      1%         2d4       98%         4
 Ice Form                 Ice/Tmut       1%         N/A       98%         4
 Arcjolt                  Conj/Air       0%         1d10      100%        5
 Freezing Cloud           Conj/Ice/Air   0%         6-21      100%        5
 Lightning Bolt           Conj/Air       0%         1d11      100%        5
 Maxwell's Capacitive Co  Air            0%         ∞         100%        8
 Call Canine Familiar     Summ           Unusable   N/A       N/A         3
 Summon Guardian Golem    Hex/Summ       Unusable   N/A       N/A         3
 Simulacrum               Ice/Necr       Unusable   N/A       N/A         6
 Summon Cactus Giant      Summ           Unusable   N/A       N/A         6

Dungeon Overview and Level Annotations

Branches:
Dungeon (12/15)            Temple (1/1) D:6            Lair (5/5) D:9
 Shoals (0/4) Lair:3        Snake (1/4) Lair:3        Slime (0/5) Lair:4
    Orc (2/2) D:10            Elf (0/3) Orc:2

Altars:
Ashenzari
Cheibriados
Dithmenos
Fedhas
Gozag
Hepliaklqana
Kikubaaqudgha
Makhleb
Nemelex Xobeh
Okawaru
Qazlal
Ru
Sif Muna
Trog
Uskayaw
Vehumet
Wu Jian
Xom
Yredelemnul

Shops:
Orc:1 ?   Orc:2 [=![   Snake:1 [

Annotations:
D:11 3 runed translucent doors, Esekla's ghost, journeyman OpDe


Innate Abilities, Weirdness & Mutations

You have hoof-like feet.
You are partially covered in sharp spines.
When seriously injured, your blood forms thick armour. (AC +9)
A meltable shield of frost defends you. (SH +0)


Message History

You are no longer entranced.
You kill the black mamba!
Okawaru accepts your kill.
You slice the naga!!
You kill the naga!
Okawaru accepts your kill.
Visions of slaying the naga flood into your mind.
* * * LOW HITPOINT WARNING * * *
You feel extremely sick. You block the salamander's attack.
The naga sharpshooter casts a spell.
The naga sharpshooter magically shoots an arrow.
You block the arrow.
Your Spellcasting skill increases to level 3!
Unknown command.
You feel better.
Visions of slaying the naga flood into your mind.
You radiate an aura of cold.
The naga seems to slow down.
The naga warrior seems to slow down.
The naga seems to slow down.
The naga sharpshooter resists.
The naga sharpshooter seems to slow down.
The salamander seems to slow down.
The salamander barely misses you. The naga closely misses you. x2
The naga sharpshooter mumbles some strange words.
The naga sharpshooter magically shoots an arrow.
The arrow hits you!
* * * LOW HITPOINT WARNING * * *
The naga sharpshooter mumbles some strange words.
The naga sharpshooter magically shoots an arrow.
You block the arrow.
You hit the naga.
The naga is lightly wounded.
You closely miss the naga sharpshooter. You slash the naga! You drain the naga.
Visions of slaying the naga sharpshooter flood into your mind.
The salamander hits you from afar with a +4 trident!
* * * LOW HITPOINT WARNING * * *
You are engulfed in flames!
Your condensation shield dissipates!
You resist.
You die...

.#. ... .∩
..#.#######.######
#...#............#
#................
##........<.......
..................
#....N)..........
.#?N.N@........).
......)N..........
.....NN...........
..................
....#.....#.......
....#######.#...#
... ...#. .. .


You could see a naga warrior (slow), 2 naga sharpshooters, a salamander (strong,
slow) and 2 nagas.

Vanquished Creatures
  Rupert (Lair:3)
  Azrael (Orc:2)
  Harold (D:11)
  Fannar (D:11)
  6 hydras
  A merfolk avatar (Lair:5)
  An anaconda (Snake:1)
  2 boulder beetles
  4 two-headed ogres
  Erica (D:8)
  6 death yaks
  5 orc high priests (Orc:2)
  A naga sharpshooter (Snake:1)
  Urug (D:11)
  Amaemon (Lair:2)
  Nergalle (Lair:1)
  Lodul (D:10)
  2 harpies
  A lindwurm (Lair:5)
  6 orc knights (Orc:2)
  An ugly thing (D:10)
  2 cyclopes
  4 manticores
  5 elephants
  A naga mage (Snake:1)
  8 black mambas
  2 torpor snails
  An orange demon (Lair:2)
  12 cane toads
  Maggie (D:7)
  An unseen horror (D:12)
  6 komodo dragons
  10 rime drakes
  4 trolls
  A polar bear (Lair:5)
  A wind drake (Lair:5)
  Prince Ribbit (D:9)
  21 blink frogs
  A snapping turtle (Lair:5)
  3 wraiths
  Grum (D:7)
  3 wyverns
  38 yaks
  4 basilisks
  6 fire elementals (Orc:2)
  Menkaure (D:7)
  2 steam dragons (Lair:5)
  4 nagas
  2 wargs (Orc:1)
  An acid dragon (D:10)
  A hell hound (Orc:2)
  19 water moccasins
  2 black bears
  29 orc warriors
  2 sky beasts
  28 wolves
  2 centaurs
  8 ogres
  A phantom (D:5)
  A kobold brigand (D:10)
  14 bullfrogs
  A scorpion (D:5)
  2 gnoll sergeants
  14 wights
  8 killer bees
  3 howler monkeys
  7 jellies
  8 hounds
  44 orc priests
  5 iguanas
  Terence (D:2)
  2 gnoll boudas (D:7)
  17 orc wizards
  15 gnolls
  3 adders
  2 shadow imps
  2 white imps
  An ufetubus (D:5)
  3 worms
  2 dart slugs
  71 orcs
  A bat (D:3)
  6 endoplasms
  4 giant cockroaches
  4 goblins
  7 hobgoblins
  4 jackals (D:7)
  2 quokkas
  6 ball pythons
  A frilled lizard (D:2)
  9 kobolds
  6 rats
560 creatures vanquished.

Vanquished Creatures (others)
  24 fungi
  55 plants
79 creatures vanquished.

Grand Total: 639 creatures vanquished

Notes
Turn   | Place    | Note
-------+----------+-------------------------------------------
     0 | D:1      | Newt the Demonspawn Gladiator began the quest for the Orb.
     0 | D:1      | Reached XP level 1. HP: 16/16 MP: 1/1
   152 | D:1      | Reached skill level 1 in Stealth
   659 | D:2      | Gained mutation: When seriously injured, your blood forms
                  | armour. (AC +9) [demonic ancestry]
   659 | D:2      | Reached XP level 2. HP: 14/22 MP: 2/2
   731 | D:2      | You fall into a shaft and drop 1 floor!
   785 | D:3      | Noticed a black bear
   797 | D:3      | Killed a black bear
   798 | D:3      | Reached XP level 3. HP: 15/30 MP: 3/3
   798 | D:3      | Gained mutation: When seriously injured, your blood forms
                  | thick armour. (AC +9) [demonic ancestry]
   798 | D:3      | Reached XP level 4. HP: 19/37 MP: 4/4
   885 | D:3      | Found an ancient bone altar of Kikubaaqudgha.
  1205 | D:2      | Reached XP level 5. HP: 26/42 MP: 5/5
  1634 | D:2      | Noticed Terence
  1648 | D:2      | Killed Terence
  1868 | D:2      | Learned a level 1 spell: Summon Small Mammal
  2060 | D:3      | Found a hide-covered altar of Uskayaw.
  2214 | D:4      | Identified a scroll of acquirement
  2214 | D:4      | Acquired a manual of Throwing
  2388 | D:4      | Noticed a black bear
  2400 | D:4      | Killed a black bear
  2401 | D:4      | Reached skill level 3 in Throwing
  2401 | D:4      | Gained mutation: A meltable shield of frost defends you.
                  | (SH +0) [demonic ancestry]
  2401 | D:4      | Reached XP level 6. HP: 46/48 MP: 6/6
  2595 | D:4      | Reached skill level 4 in Throwing
  2944 | D:5      | Entered Level 5 of the Dungeon
  3135 | D:5      | Reached skill level 5 in Throwing
  3258 | D:5      | Reached skill level 6 in Throwing
  3258 | D:5      | Reached XP level 7. HP: 47/54 MP: 7/7
  3338 | D:5      | Found a shimmering altar of Xom.
  3659 | D:5      | Found a snail-covered altar of Cheibriados.
  3669 | D:5      | Reached skill level 7 in Throwing
  3944 | D:5      | Reached skill level 8 in Throwing
  4689 | D:6      | Noticed a wraith
  4689 | D:6      | Identified the +2 leather armour of Inference {-Cast
                  | Rampage Str+3 Stlth+}
  4710 | D:6      | Killed a wraith
  4711 | D:6      | Reached skill level 9 in Throwing
  4711 | D:6      | Gained mutation: You are partially covered in sharp spines.
                  | [demonic ancestry]
  4711 | D:6      | Reached XP level 8. HP: 30/60 MP: 8/8
  4836 | D:6      | Reached skill level 10 in Throwing
  4842 | D:6      | Reached skill level 5 in Fighting
  4911 | D:6      | Identified the +5 ring mail "Ikowygog" {+Inv Regen+ Int-5}
  4977 | D:6      | Noticed a cyclops
  4997 | D:6      | Killed a cyclops
  4998 | D:6      | Reached skill level 5 in Axes
  5444 | D:6      | Found a staircase to the Ecumenical Temple.
  5447 | D:6      | Reached skill level 1 in Armour
  5455 | Temple   | Entered the Ecumenical Temple
  5523 | Temple   | Became a worshipper of Warmaster Okawaru
  5846 | D:7      | Gained mutation: You have large cloven feet. [demonic
                  | ancestry]
  5846 | D:7      | Reached XP level 9. HP: 37/64 MP: 9/9
  5969 | D:7      | Noticed Menkaure
  5977 | D:7      | Killed Menkaure
  5977 | D:7      | Reached * piety under Okawaru
  6076 | D:7      | Reached skill level 5 in Armour
  6441 | D:7      | Noticed Maggie
  6452 | D:7      | Killed Maggie
  6659 | D:7      | Noticed Grum
  6666 | D:7      | Killed Grum
  6779 | D:8      | Reached ** piety under Okawaru
  6857 | D:8      | Gained mutation: You have hoof-like feet. [demonic
                  | ancestry]
  6857 | D:8      | Reached XP level 10. HP: 28/79 MP: 10/10
  6883 | D:8      | HP: 4/80 [yak (13)]
  7408 | D:8      | Identified the +4 dagger "Gajuubef" {freeze, Str-4 SInv
                  | Stlth+}
  7677 | D:8      | Reached *** piety under Okawaru
  7688 | D:8      | Noticed Erica
  7699 | D:8      | Killed Erica
  7700 | D:8      | Reached skill level 11 in Throwing
  7991 | D:8      | Found a blossoming altar of Fedhas.
  8005 | D:8      | Reached skill level 12 in Throwing
  8166 | D:9      | Reached **** piety under Okawaru
  8289 | D:9      | Found an ornate altar of the Wu Jian Council.
  8399 | D:9      | Noticed Prince Ribbit
  8406 | D:9      | Killed Prince Ribbit
  8407 | D:9      | Reached skill level 13 in Throwing
  8430 | D:9      | Noticed a two-headed ogre
  8458 | D:9      | Killed a two-headed ogre
  8459 | D:9      | Reached XP level 11. HP: 89/89 MP: 11/11
  8566 | D:9      | Reached ***** piety under Okawaru
  8586 | D:9      | Received a gift from Okawaru
  8587 | D:9      | Reached skill level 14 in Throwing
  8620 | D:9      | Found a staircase to the Lair.
  8711 | D:9      | Noticed a two-headed ogre
  8721 | D:9      | Killed a two-headed ogre
  8721 | D:9      | Received a gift from Okawaru
  9085 | D:10     | Entered Level 10 of the Dungeon
  9143 | D:10     | Noticed Lodul
  9197 | D:10     | Noticed a two-headed ogre
  9203 | D:10     | Killed a two-headed ogre
  9238 | D:10     | Killed Lodul
  9243 | D:10     | Reached skill level 15 in Throwing
  9436 | D:10     | Found a shadowy altar of Dithmenos.
  9535 | D:10     | Received a gift from Okawaru
  9536 | D:10     | Reached skill level 1 in Shields
  9726 | D:10     | Noticed a purple ugly thing
  9737 | D:10     | Killed a purple ugly thing
  9749 | D:10     | Found a staircase to the Orcish Mines.
  9853 | D:10     | Received a gift from Okawaru
 10091 | D:11     | Noticed a two-headed ogre
 10100 | D:11     | Killed a two-headed ogre
 10101 | D:11     | Reached skill level 5 in Shields
 10110 | D:11     | Found a flickering gateway to a bazaar.
 10122 | Bazaar   | Entered a bazaar
 10122 | Bazaar   | Found Huulyl's Assorted Antiques.
 10122 | Bazaar   | Found Mopniw's Antique Armour Emporium.
 10122 | Bazaar   | Found Otunn's Jewellery Shop.
 10122 | Bazaar   | Found Hoxkud's Antique Armour Shoppe.
 10127 | Bazaar   | Found Popinnet's Armour Boutique.
 10127 | Bazaar   | Found Quqahe's Antique Armour Shoppe.
 10129 | Bazaar   | Bought a scroll labelled AHOIPS XONUYSS for 30 gold pieces
 10129 | Bazaar   | Bought a scroll labelled PEOFUCVOFAXT for 30 gold pieces
 10143 | Bazaar   | Bought a pair of embroidered gloves for 187 gold pieces
 10154 | Bazaar   | Bought the ring "Xyomugoh" {rF+ Str+6 Slay+2} for 350 gold
                  | pieces
 10154 | Bazaar   | Bought the amulet "Ameigorph" {Spirit Fragile Will+ Dex+3
                  | Slay+2} for 310 gold pieces
 10177 | Bazaar   | Bought a runed scale mail for 175 gold pieces
 10258 | D:11     | Noticed Urug
 10277 | D:11     | Killed Urug
 10277 | D:11     | Received a gift from Okawaru
 10391 | D:11     | Noticed a boulder beetle
 10405 | D:11     | Killed a boulder beetle
 10406 | D:11     | Reached XP level 12. HP: 87/95 MP: 9/13
 10503 | D:11     | Noticed Fannar
 10526 | D:11     | Killed Fannar
 10527 | D:11     | Reached skill level 5 in Invocations
 10671 | D:11     | Found a runed translucent gate.
 10672 | D:11     | Found a runed translucent gate.
 10673 | D:11     | Found a runed translucent gate.
 10674 | D:11     | Noticed Esekla's ghost (journeyman OpDe)
 10975 | D:11     | Noticed Harold
 10983 | D:11     | Killed Harold
 11373 | Lair:1   | Entered Level 1 of the Lair of Beasts
 11373 | Lair:1   | Found the +4 skin of Zhor {*Englaciate rC+++ SInv}
 11460 | Lair:1   | Reached skill level 10 in Invocations
 11481 | Lair:1   | Reached skill level 10 in Axes
 12063 | Lair:1   | Received a gift from Okawaru
 12177 | Lair:1   | Noticed Nergalle
 12192 | Lair:1   | Killed Nergalle
 12490 | Lair:2   | Noticed Amaemon
 12500 | Lair:2   | Killed Amaemon
 12500 | Lair:2   | Received a gift from Okawaru
 12513 | Lair:2   | Reached XP level 13. HP: 65/101 MP: 13/20
 12813 | Lair:2   | Received a gift from Okawaru
 13256 | Lair:2   | Received a gift from Okawaru
 13772 | Lair:3   | Noticed Rupert
 13780 | Lair:3   | Killed Rupert
 14161 | Lair:2   | Reached ****** piety under Okawaru
 14686 | Lair:3   | Found a staircase to the Snake Pit.
 14697 | Lair:3   | Found a staircase to the Shoals.
 14704 | Lair:3   | Received a gift from Okawaru
 15602 | Lair:4   | Received a gift from Okawaru
 15849 | Lair:4   | Found a staircase to the Slime Pits.
 16254 | Lair:5   | Entered Level 5 of the Lair of Beasts
 16592 | Lair:5   | Reached XP level 14. HP: 88/108 MP: 15/21
 16696 | Lair:5   | Reached skill level 10 in Armour
 16757 | Lair:5   | Reached skill level 1 in Evocations
 16764 | Lair:5   | Received a gift from Okawaru
 17001 | Lair:5   | Identified the +2 great sword of Due Proportion {heavy,
                  | Str+3}
 17220 | Lair:5   | Received a gift from Okawaru
 17246 | Lair:5   | Reached skill level 5 in Evocations
 18028 | Orc:1    | Entered Level 1 of the Orcish Mines
 18322 | Orc:1    | Found Syxtef's Magic Scroll Emporium.
 18327 | Orc:1    | Bought a scroll of acquirement for 520 gold pieces
 18328 | Orc:1    | Acquired the +16 obsidian axe {drain, demonic, Mesm Drain
                  | Fly SInv}
 18328 | Orc:1    | Found the +16 obsidian axe {drain, demonic, Mesm Drain Fly
                  | SInv}
 18407 | Orc:2    | Entered Level 2 of the Orcish Mines
 18407 | Orc:2    | Found a staircase to the Elven Halls.
 18544 | Orc:2    | Received a gift from Okawaru
 18544 | Orc:2    | Found the +4 robe of Folly {Brill Will-∞ Int+8}
 18743 | Orc:2    | Noticed Azrael
 18755 | Orc:2    | Killed Azrael
 19114 | Orc:2    | Reached skill level 10 in Evocations
 19127 | Orc:2    | Reached skill level 1 in Spellcasting
 19408 | Orc:2    | Found Yviabre's Distillery.
 19411 | Orc:2    | Found Quddiy's Jewellery Shop.
 19412 | Orc:2    | Found Koph's Antique Armour Boutique.
 19413 | Orc:2    | Found Ahad's Antique Armour Boutique.
 19416 | Orc:2    | Bought a pair of glowing gloves for 277 gold pieces
 19420 | Orc:2    | Bought a potion of ambrosia for 112 gold pieces
 19420 | Orc:2    | Bought a potion of might for 56 gold pieces
 19686 | Snake:1  | Entered Level 1 of the Snake Pit
 19686 | Snake:1  | Found Woguiff's Antique Armour Shop.
 19695 | Snake:1  | HP: 1/108 [salamander/+4 trident (16)]
 19695 | Snake:1  | Mangled by a salamander

Illustrated notes

Levels and vault maps discovered:
D:1:      dpeg_arrival_rooms_b, layout_loops_cross, serial_glass,
          glass_columns_b, glass_columns_a, glass_columns_c, glass_columns_a,
          minmay_misc_feat_rows, minmay_misc_feat_plants
D:2:      layout_rooms, uniq_terence
D:3:      layout_basic, mainiacjoe_overflow_brackets,
          nicolae_uskayaw_murder_on_the_dancefloor,
          minmay_misc_feat_four_crosses
D:4:      layout_cave_pools, minmay_bisected
D:5:      layout_basic, mainiacjoe_overflow_small_starburst,
          overflow_temple_1_default, hangedman_abyss_or_decor_slice
D:6:      layout_loops_corners, minmay_temple_entry_proselytizer,
          minmay_manual_mail
D:7:      layout_cave_pools, serial_gnoll_camp, gnoll_camp_mini_basic,
          grums_kennel, gnoll_camp_mini_loothouse, gnoll_camp_medium_02,
          uniq_menkaure, uniq_maggie
D:8:      layout_loops_cross, fedhas_altar_fruit_tree, minmay_starry_boxes,
          uniq_erica
D:9:      layout_loops_ring, tso_oasis_becter, nzn_wu_jian_council_hall,
          david_lair_shrubbed, uniq_prince_ribbit1
D:10:     layout_long_grid, general_overflow_altar, orc_0_dummy, uniq_lodul
D:11:     layout_loops_ring, gammafunk_ghost_spectres, serial_shops,
          bzr_entry_gold, uniq_urug, uniq_fannar, uniq_harold
D:12:     layout_gridville
Temple:   eino_temple_lava
Lair:1:   layout_cave_shapes, hellmonk_guarded_unrand_zhor, grunt_megastairs_1,
          uniq_nergalle
Lair:2:   layout_gridlike, minivault_11, hangedman_lair_generics_rect,
          uniq_amaemon
Lair:3:   layout_chaotic_city, nicolae_shoals_entry_roost,
          minmay_snake_entry_guardpost_small, uniq_rupert
Lair:4:   layout_long_grid, nicolae_slime_entry_slimehenge, grunt_megastairs_4,
          lemuel_fruit_tree
Lair:5:   gammafunk_lair_ancient_temple, layout_cellular_growth
Snake:1:  layout_rooms, serial_shops, nicolae_shop_bloodbath_and_beyond, shop,
          grunt_ministairs_11, st_stairs_7, uniq_aizul
Orc:1:    layout_caves, serial_shops, nicolae_shop_hallway_stairs,
          hellmonk_bongcloud_opening, uniq_maurice
Orc:2:    st_orc_pillars, layout_caves, nicolae_orc_bridge_out, uniq_azrael

Skill      XL: |  1  2  3  4  5  6  7  8  9 10 11 12 13 14 |
---------------+-------------------------------------------+-----
Stealth        | 1 2 |  2.0
Fighting       | 4 6 7 9 |  9.0
Short Blades   | 3 4 |  4.4
Throwing       | 3 6 9 10 13 15 | 15.0
Axes           | 5 9 12 14 | 14.0
Armour         | 3 5 9 10 | 10.0
Shields        | 6 |  6.0
Invocations    | 2 10 | 10.0
Evocations     | 10 | 10.0
Spellcasting   | 3 |  3.1
Dodging        | |  2.6

Action                     |  1- 3 |  4- 6 |  7- 9 | 10-12 | 13-15 || total
---------------------------+-------+-------+-------+-------+-------++-------
  Melee: Rapier            |    27 |       |       |       |       ||    27
         Dagger            |    11 |   211 |   133 |       |       ||   355
         Punch             |       |     3 |     5 |       |       ||     8
         War axe           |       |       |   100 |    12 |   132 ||   244
         Kick              |       |       |    29 |   145 |   158 ||   332
         Hand axe          |       |       |       |   354 |   208 ||   562
         Broad axe         |       |       |       |       |    94 ||    94
  Throw: Dart              |     3 |     1 |     5 |    11 |     2 ||    22
         Throwing net      |     1 |       |     1 |     1 |     1 ||     4
         Boomerang         |       |    17 |    90 |   118 |   116 ||   341
         Javelin           |       |       |     4 |    13 |    35 ||    52
 Invoke: Heroism           |       |       |       |       |     1 ||     1
  Evoke: Lightning rod     |       |       |       |       |     1 ||     1
    Use: Scroll            |       |    12 |     8 |     7 |     6 ||    33
         Potion            |       |     3 |     1 |     1 |     4 ||     9
   Stab: Sleeping          |     1 |     2 |     4 |     4 |     7 ||    18
         Held in net/web   |     1 |       |       |     1 |       ||     2
         Distracted        |       |       |       |       |     1 ||     1
 Armour: Leather armour    |    10 |    60 |    55 |     5 |       ||   130
         Troll leather arm |       |       |       |    56 |       ||    56
         Animal skin       |       |       |       |     7 |    69 ||    76
  Dodge: Dodged            |    15 |    98 |   123 |   163 |   104 ||   503
  Block: Other             |       |     5 |    18 |       |       ||    23
         Buckler           |       |       |    50 |   143 |   146 ||   339

Table legend: (Time is in decaauts)
 A = Elapsed time spent in this place.
 B = Non-inter-level travel time spent in this place.
 C = Inter-level travel time spent in this place.
 D = Time resting spent in this place.
 E = Time spent auto-exploring this place.
 F = Levels seen in this place.
 G = Mean time per level.
                   A        B        C        D        E       F      G
               +--------+--------+--------+--------+--------+-----+--------+
         Total |  19484 |  18388 |   1096 |   2611 |  12648 |  22 |  885.6 |
       Dungeon |  11268 |  10557 |    711 |   1304 |   7472 |  12 |  939.0 |
        Temple |     77 |     55 |     22 |      0 |     47 |   1 |   77.0 |
          Lair |   6539 |   6271 |    268 |   1083 |   4177 |   5 | 1307.8 |
     Snake Pit |      9 |      9 |      0 |      0 |      0 |   1 |    9.0 |
  Orcish Mines |   1528 |   1434 |     94 |    223 |    930 |   2 |  764.0 |
        Bazaar |     60 |     60 |      0 |      0 |     21 |   1 |   60.0 |
               +--------+--------+--------+--------+--------+-----+--------+

Top non-repeatable levels by time:
  Lair:2: 1746 daAuts
  Lair:5: 1648 daAuts
     D:6: 1476 daAuts
     D:8: 1366 daAuts
     D:5: 1178 daAuts
     D:9: 1158 daAuts
  Lair:1: 1142 daAuts
   Orc:2: 1122 daAuts
    D:11: 1075 daAuts
  Lair:3: 1042 daAuts
    D:10: 1026 daAuts
     D:7: 984 daAuts
  Lair:4: 959 daAuts
     D:2: 776 daAuts
     D:3: 758 daAuts
